 Dungeon Crawl Stone Soup version 0.29-a0-819-g94b489e0ae (webtiles) character file.

Game seed: 10729651288956575924

198 buhh the Insei (level 5, -22/34 HPs)
             Began as an Octopode Transmuter on July 7, 2022.
             Was an Initiate of Cheibriados.
             Killed from afar by Dowan (29 damage)
             ... with a shard of ice
             ... on level 4 of the Dungeon.
             The game lasted 00:05:40 (3751 turns).

buhh the Insei (Octopode Transmuter)                Turns: 3751, Time: 00:05:40

Health: -22/34     AC:  1    Str: 10    XL:     5   Next: 77%
Magic:  7/8        EV: 14    Int: 18    God:    Cheibriados [......]
Gold:   232        SH:  0    Dex: 14    Spells: 2/8 levels left

rFire   . . .      SeeInvis .     - Unarmed
rCold   . . .      Faith    .   (no shield)
rNeg    . . .      Spirit   .   (helmet restricted)
rPois   .          Reflect  .   (no amulet)
rElec   .          Harm     .   i - ring of flight
rCorr   .          Rampage  .   (no ring)
Will    .....                   (no ring)
Stlth   ++........              (no ring)
HPRegen 0.11/turn               (no ring)
MPRegen 0.11/turn               (no ring)
                                (no ring)
                                (no ring)

@: mighty, lit by a corona, flying, glowing, very slow
A: almost no armour, amphibious, 8 rings, camouflage 1, gelatinous body 1,
(nimble swimmer 1), tentacles
a: Renounce Religion


You were on level 4 of the Dungeon.
You worshipped Cheibriados.
Cheibriados was noncommittal.
You visited 2 branches of the dungeon, and saw 5 of its levels.

You collected 232 gold pieces.

Inventory:

Magical Staves
 b - a staff of death
 c - a staff of fire
Jewellery
 f - a ring of fire
 i - a ring of flight (left tentacle)
Wands
 e - a wand of flame (6)
Scrolls
 d - a scroll of vulnerability {unknown}
 g - a scroll of identify {!d}
 h - 3 scrolls of teleportation {!d}
 j - a scroll of enchant weapon
Potions
 a - a potion of berserk rage {unknown}
 k - 2 potions of curing {!q!d}
 m - a potion of mutation {unknown}


   Skills:
 + Level 2.3 Fighting
 * Level 2.9 Dodging
 - Level 3.0 Stealth
 * Level 4.4 Unarmed Combat
 - Level 2.0 Spellcasting
 - Level 2.0 Transmutations
 - Level 2.0 Poison Magic


You had 2 spell levels left.
You knew the following spells:

 Your Spells              Type           Power      Damage    Failure   Level
a - Beastly Appendage     Tmut           18%        N/A       8%          1
b - Wereblood             Tmut           9%         N/A       12%         2
c - Spider Form           Tmut/Pois      9%         N/A       24%         3

Your spell library contained the following spells:

 Spells                   Type           Power      Damage    Failure   Level
 Apportation              Tloc           2%         N/A       19%         1
 Foxfire                  Conj/Fire      4%         2x1d4     19%         1
 Necrotise                Necr           4%         1d4       19%         1
 Summon Small Mammal      Summ           4%         N/A       19%         1
 Scorch                   Fire           2%         2d5       26%         2
 Ice Form                 Ice/Tmut       5%         N/A       75%         4
 Flame Wave               Conj/Fire      1%         2d4       87%         4
 Blade Hands              Tmut           4%         N/A       91%         5
 Iron Shot                Conj/Erth      0%         9d1       100%        6
 Summon Cactus Giant      Summ           0%         N/A       100%        6
 Animate Armour           Summ/Erth      Unusable   N/A       N/A         4

Dungeon Overview and Level Annotations

Branches:
Dungeon (4/15) Zot: 30729  Temple (1/1) D:4 Zot: 8927

Altars:
Cheibriados
Dithmenos
Elyvilon
Fedhas
Hepliaklqana
Kikubaaqudgha
Nemelex Xobeh
Sif Muna
Vehumet
Wu Jian
Zin

Annotations:
D:2 1 runed translucent door, Crazy Yiuf
D:3 Ijyb, Robin
D:4 Dowan


Innate Abilities, Weirdness & Mutations

You cannot wear most types of armour.
You are amphibious.
You can wear up to eight rings at the same time.
Your skin changes colour to match your surroundings (Stealth+).
Your rubbery body absorbs attacks. (AC +1, EV +1)
((You are camouflaged when in or above water. (Stealth+)))
You have tentacles for arms and can constrict up to eight enemies at once.


Message History

t - Hiss!
Orders for allies: a - Attack new target. r - Retreat! s - Stop attacking. g - Guard the area. f - Follow me.
Anything else - Cancel.
You hiss for attention!
You hit Duvessa but do no damage.
Duvessa is poisoned.
Duvessa completely misses you.
Dowan says, "My weaknesses are her strengths!"
You hit Duvessa but do no damage.
Duvessa says, "Practise, practise, practise!
One day you'll be as good as me." Duvessa misses you.
You bite Duvessa!
Duvessa looks as sick as possible!
Duvessa is heavily wounded.
Duvessa is no longer moving quickly.
Duvessa hits you with a +0 rapier!
Duvessa gestures with her weapon.
Duvessa misses you. Dowan completely misses you.
You hit Duvessa.
Duvessa is severely wounded.
Duvessa completely misses you.
Dowan points at you and mumbles some strange words.
The puff of frost hits you.
You bite Dowan!
Dowan is poisoned.
Dowan is moderately wounded.
Duvessa hits you with a +0 rapier! Dowan hits you with a +0 dagger.
* * * LOW HITPOINT WARNING * * *
You hit Duvessa.
Duvessa is severely wounded.
You bite Duvessa!
You kill Duvessa!
Cheibriados thoroughly appreciates the change of pace.
Dowan screams, "No!
No!"
Dowan seems to find hidden reserves of power!
Your transformation has ended.
Dowan misses you.
Dowan shakes with grief.
Dowan gestures at you while chanting. The shard of ice hits you!!
Ouch! That really hurt!
You die...

##.l####........#.....#
...###................## .##
...................#...## ..##
..................###...##...##
..............[..## ##........#
.(..............# ##........#
#...............####.........##
##.............................#
#....#....e##...@e...........#
.....# . #...)####......##..
....## .......## #...#### ....#
....... #..## #...# ......#
#..## ....# ...... ##..e##..#
....# ......# ##.......# ....#
###......###.......##
#...####... #........##..#


You could see Dowan (fast, very poisoned).

Vanquished Creatures
  Duvessa (D:4)
  A jelly (D:4)
  A hound (D:4)
  Terence (D:2)
  An iguana (D:4)
  2 adders (D:2)
  An ufetubus (D:2)
  2 dart slugs
  5 orcs (D:4)
  7 ball pythons
  A bat (D:2)
  4 endoplasms
  2 giant cockroaches
  5 goblins
  5 hobgoblins (D:1)
  7 jackals
  2 quokkas (D:1)
  A frilled lizard (D:1)
  2 kobolds (D:1)
  6 rats
57 creatures vanquished.

Notes
Turn   | Place    | Note
-------+----------+-------------------------------------------
     0 | D:1      | buhh the Octopode Transmuter began the quest for the Orb.
     0 | D:1      | Reached XP level 1. HP: 13/13 MP: 3/3
   212 | D:1      | Reached XP level 2. HP: 17/18 MP: 3/5
   464 | D:1      | Found a faded altar of an unknown god.
   495 | D:1      | Got Plato's Parchment of Kindling
   825 | D:1      | Reached XP level 3. HP: 22/23 MP: 4/6
  1697 | D:2      | Identified the +6 whip "Impbane" {flame, Contam rPois rN+
                  | Will+}
  1923 | D:2      | Reached XP level 4. HP: 28/28 MP: 7/7
  1985 | D:2      | Noticed Terence
  1994 | D:2      | Killed Terence
  2234 | D:2      | Found a runed translucent door.
  2235 | D:2      | Noticed Crazy Yiuf
  2392 | D:3      | Noticed Ijyb
  2392 | D:3      | Noticed Robin
  2508 | D:4      | Reached skill level 4 in Unarmed Combat
  2508 | D:4      | Reached XP level 5. HP: 21/34 MP: 8/8
  2658 | D:4      | Learned a level 2 spell: Wereblood
  2662 | D:4      | Learned a level 3 spell: Spider Form
  2827 | D:4      | Found a staircase to the Ecumenical Temple.
  2837 | Temple   | Entered the Ecumenical Temple
  2872 | Temple   | Became a worshipper of Cheibriados the Contemplative
  2943 | D:4      | Noticed Duvessa
  3298 | D:4      | Found a radiant altar of Vehumet.
  3327 | D:4      | Identified the +3 leather armour "Nottoig" {Rampage
                  | *Corrode rC- Stlth+}
  3713 | D:4      | Noticed Dowan
  3751 | D:4      | Killed Duvessa
  3751 | D:4      | Killed from afar by Dowan

Illustrated notes

Levels and vault maps discovered:
D:1:      psy_arrival_radial01, layout_basic,
          shapermc_ecumenical_altar_rom_forum, chequers_garden, minivault_11
D:2:      layout_rooms, uniq_crazy_yiuf_cottage, uniq_terence
D:3:      layout_rooms, st_stairs_10, uniq_ijyb, uniq_robin
D:4:      layout_layer_cave, marbit_many_paths, minmay_temple_entry_poolview,
          uniq_duvessa
Temple:   nicolae_temple_bog_church

Skill      XL: |  1  2  3  4 |
---------------+-------------+-----
Stealth        | 1 2 3 |  3.0
Poison Magic   | 1 2 |  2.0
Fighting       | 2 |  2.3
Unarmed Combat | 4 |  4.4
Dodging        | |  2.9
Spellcasting   | |  2.0
Transmutations | |  2.0

Action                   |  1- 3 |  4- 6 || total
-------------------------+-------+-------++-------
Melee: Unarmed           |    68 |    64 ||   132
       Tentacles         |    10 |    10 ||    20
       Kick              |    22 |    10 ||    32
       Constrict         |    19 |     9 ||    28
       Punch             |     1 |     1 ||     2
 Cast: Beastly Appendage |    26 |     9 ||    35
       Spider Form       |       |     3 ||     3
  Use: Potion            |     3 |     2 ||     5
       Scroll            |     1 |     5 ||     6
 Stab: Sleeping          |     6 |     1 ||     7
Armor: Skin              |     9 |    38 ||    47
Dodge: Dodged            |    34 |    35 ||    69

Table legend: (Time is in decaauts)
 A = Elapsed time spent in this place.
 B = Non-inter-level travel time spent in this place.
 C = Inter-level travel time spent in this place.
 D = Time resting spent in this place.
 E = Time spent auto-exploring this place.
 F = Levels seen in this place.
 G = Mean time per level.
                   A        B        C        D        E       F      G
               +--------+--------+--------+--------+--------+-----+--------+
         Total |   3907 |   3792 |    115 |    680 |   2559 |   5 |  781.4 |
       Dungeon |   3852 |   3756 |     96 |    680 |   2535 |   4 |  963.0 |
        Temple |     54 |     35 |     19 |      0 |     24 |   1 |   54.0 |
               +--------+--------+--------+--------+--------+-----+--------+

Top non-repeatable levels by time:
     D:1: 1595 daAuts
     D:4: 1460 daAuts
     D:2: 788 daAuts
  Temple: 54 daAuts
     D:3: 8 daAuts
